 Dungeon Crawl Stone Soup version 0.20.0-8-g6b59dc7 (webtiles) character file.

39944 anfisbena the Severer (level 14, -6/121 HPs)
             Began as a Hill Orc Fighter on June 2, 2017.
             Was a Believer of Uskayaw.
             Mangled by a 15-headed hydra (11 damage)
             ... on level 3 of the Lair of Beasts.
             The game lasted 00:22:14 (18915 turns).

anfisbena the Severer (Hill Orc Fighter)           Turns: 18915, Time: 00:22:15

Health: -6/121     AC: 24    Str: 20    XL:     14   Next: 8%
Magic:  19/19      EV:  6    Int:  8    God:    Uskayaw [**....]
Gold:   1248       SH: 18    Dex: 14    Spells: 13/13 levels left

rFire    + . .     SeeInvis +   F - +2 war axe (vamp)
rCold    . . .     Gourm    .   c - +0 shield
rNeg     . . .     Faith    .   I - +2 plate armour {rF+}
rPois    .         Spirit   .   (no helmet)
rElec    .         Reflect  +   O - +2 cloak {MR+}
rCorr    .         Harm     .   p - +0 pair of gloves
MR       +++..                  o - +2 pair of boots
Stlth    ..........             S - +4 amulet of reflection
Regen    0.3/turn               i - ring of see invisible
MPRegen  0.2/turn               t - ring of protection from magic

@: no status effects
A: no striking features
a: Stomp, Line Pass, Renounce Religion


You were on level 3 of the Lair of Beasts.
You worshipped Uskayaw.
Uskayaw was noncommittal.
You were not hungry.

You visited 3 branches of the dungeon, and saw 18 of its levels.
You also visited: Sewer.

You collected 1248 gold pieces.

Inventory:

Hand Weapons
 F - a +2 vampiric war axe (weapon)
Armour
 c - a +0 shield (worn)
 o - a +2 pair of boots (worn)
 p - a +0 pair of gloves (worn)
 I - a +2 plate armour of fire resistance (worn)
 O - a +2 cloak of magic resistance (worn)
Jewellery
 i - a ring of see invisible (left hand)
 t - a ring of protection from magic (right hand)
 S - a +4 amulet of reflection (around neck)
Wands
 e - a wand of polymorph (15/24)
 s - a wand of disintegration (17/24)
Scrolls
 j - 3 scrolls of blinking
 n - 6 scrolls of remove curse
 v - 11 scrolls of teleportation
 w - 4 scrolls of fear
 x - 3 scrolls of enchant weapon
 y - a scroll of enchant armour
 G - 6 scrolls of recharging
 M - 2 scrolls of amnesia
 Q - a scroll of holy word
Potions
 a - a potion of magic
 b - 4 potions of ambrosia
 d - 2 potions of might
 g - a potion of haste
 r - a potion of resistance {unknown}
 z - 4 potions of brilliance
 A - 5 potions of curing
 B - 5 potions of flight
 E - 4 potions of heal wounds
 H - a potion of lignification {unknown}
 P - a potion of berserk rage
Comestibles
 f - 13 bread rations
 h - 9 fruits
 D - 3 meat rations
 L - 18 royal jellies


   Skills:
 + Level 10.1 Fighting
 - Level 18.0 Axes
 + Level 10.1 Armour
 - Level 15.0 Shields
 + Level 7.2 Invocations


You had 13 spell levels left.
You didn't know any spells.

Dungeon Overview and Level Annotations

Branches:
Dungeon (11/15)            Temple (1/1) D:4            Lair (6/6) D:10
 Shoals (0/4) Lair:4        Snake (0/4) Lair:3        Slime (0/5) Lair:5
    Orc (0/2) D:9

Altars:
Ashenzari
Cheibriados
Dithmenos
Elyvilon
Fedhas
Gozag
Hepliaklqana
Kikubaaqudgha
Makhleb
Nemelex Xobeh
Okawaru
Qazlal
Ru
Sif Muna
Trog
Uskayaw
Vehumet
Xom
Yredelemnul
Zin
The Shining One
Jiyva

Shops:
D:4 [!   D:7 }   D:9 [!*[*

Annotations:
Lair:3 exclusion: oklob plant


Message History

The 15-headed hydra is moderately wounded.
The 15-headed hydra bites you but does no damage. x2
You block the 15-headed hydra's attack.
The 15-headed hydra bites you but does no damage. x2
The 15-headed hydra bites you!
* * * LOW HITPOINT WARNING * * *
The 15-headed hydra bites you but does no damage. x5
You block the 15-headed hydra's attack.
The 15-headed hydra bites you but does no damage.
The 15-headed hydra bites you.
* * * LOW HITPOINT WARNING * * *
You block the 15-headed hydra's attack.
You hit the 15-headed hydra.
You feel better.
The 15-headed hydra is moderately wounded.
You block the 15-headed hydra's attack.
The 15-headed hydra bites you but does no damage.
You block the 15-headed hydra's attack.
The 15-headed hydra bites you but does no damage. x2
The 15-headed hydra bites you!
You die...

.# #.. #..
#..
###.######
####P#+.#.$.#
..P........#
.......D@..+
...........##
...........P#
#.P........##
#..........#
#.+....÷...##
##..........#
#P.≈≈≈≈≈≈.##
#.≈≈≈≈≈≈≈.#


You could see a 15-headed hydra.

Vanquished Creatures
  Rupert (Lair:5)
  The ghost of MirrMurr the Cruncher, a journeyman DsGl of Okawaru (Lair:6)
  Harold (Lair:2)
  A hydra (D:11)
  3 two-headed ogres (D:11)
  An unseen horror (D:8)
  Pikel (D:5)
  A manticore (D:11)
  2 ugly things (D:11)
  The ghost of kalagan the Sneak, a novice OpIE (D:6)
  Maurice (D:11)
  6 elephants (Lair:5)
  4 black mambas
  10 spiny frogs
  3 rime drakes
  6 komodo dragons
  A polar bear (Lair:2)
  A queen bee (Lair:1)
  20 blink frogs
  7 dream sheep (Lair:4)
  7 hippogriffs
  2 spriggans
  11 yaks
  2 wyverns
  A basilisk (Lair:2)
  A steam dragon (D:11)
  Menkaure (D:7)
  4 vampire mosquitoes (Lair:6)
  10 water moccasins
  5 ice beasts
  6 porcupines
  2 slaves (D:5)
  11 orc warriors
  A swamp drake (Lair:6)
  2 black bears
  A sky beast (D:7)
  3 phantoms
  7 ogres
  17 wolves
  6 centaurs
  9 crocodiles
  2 big kobolds (Sewer)
  27 bullfrogs
  A wyvern zombie (D:11)
  A gnoll sergeant (D:11)
  4 scorpions
  26 killer bees (Lair:1)
  4 wights (D:6)
  A vampire bat (Lair:2)
  3 electric eels
  2 howler monkeys
  5 crimson imps
  A bullfrog zombie (D:10)
  2 centaur zombies
  A jelly (D:11)
  13 orc wizards
  Crazy Yiuf (D:6)
  8 hounds
  8 orc priests
  A bullfrog skeleton (D:9)
  Natasha (thrice) (D:4)
  4 iguanas
  7 worker ants
  3 killer bee zombies
  A bullfrog simulacrum (D:8)
  A hound skeleton (D:4)
  A worker ant zombie (D:10)
  5 gnolls
  A howler monkey skeleton (D:7)
  18 adders
  5 river rats
  5 shadow imps
  A white imp (D:8)
  2 oozes
  6 worms
  An adder simulacrum (D:8)
  A dart slug (D:1)
  5 leopard geckos
  73 orcs
  11 ball pythons
  4 giant cockroaches
  9 goblins
  11 hobgoblins
  6 jackals
  11 kobolds
  7 quokkas
  11 bats
  6 frilled lizards
  A leopard gecko zombie (D:7)
  11 rats
  A fungus (Lair:1)
524 creatures vanquished.

Vanquished Creatures (others)
  2 slaves (D:5)
  An electric eel (D:11)
  A shadow imp (D:11)
  A bush (D:6)
  2 fungi (Lair:5)
  46 plants
53 creatures vanquished.

Grand Total: 577 creatures vanquished

Notes
Turn   | Place    | Note
-------+----------+-------------------------------------------
     0 | D:1      | anfisbena the Hill Orc Fighter began the quest for the Orb.
     0 | D:1      | Reached XP level 1. HP: 19/19 MP: 1/1
    35 | D:1      | Reached skill level 3 in Axes
   215 | D:1      | Reached XP level 2. HP: 27/27 MP: 2/2
   594 | D:1      | Reached XP level 3. HP: 32/33 MP: 3/3
   679 | D:1      | Reached skill level 4 in Axes
  1066 | D:2      | Reached XP level 4. HP: 13/41 MP: 4/4
  1877 | D:2      | Reached skill level 5 in Fighting
  2047 | D:3      | Reached skill level 5 in Axes
  2052 | D:3      | Reached XP level 5. HP: 42/48 MP: 5/5
  2160 | D:3      | Reached skill level 6 in Axes
  2160 | D:3      | Reached XP level 6. HP: 46/57 MP: 6/6
  2558 | D:3      | Found a glowing drain.
  2562 | Sewer    | Entered a sewer
  2713 | Sewer    | Reached skill level 7 in Axes
  2713 | Sewer    | Reached XP level 7. HP: 52/66 MP: 7/7
  3625 | D:3      | Found a shadowy altar of Dithmenos.
  3965 | D:4      | Found a staircase to the Ecumenical Temple.
  4004 | D:4      | Reached skill level 8 in Axes
  4015 | Temple   | Entered the Ecumenical Temple
  4133 | Temple   | Became a worshipper of Uskayaw the Reveler
  4272 | D:4      | Noticed Natasha
  4274 | D:4      | Reached * piety under Uskayaw
  4283 | D:4      | Reached ** piety under Uskayaw
  4286 | D:4      | Killed Natasha
  4286 | D:4      | Reached *** piety under Uskayaw
  4430 | D:4      | Found Ciuqex's Distillery.
  4534 | D:4      | Reached **** piety under Uskayaw
  4538 | D:4      | Reached ***** piety under Uskayaw
  4744 | D:4      | Found Wouroym's Armour Shop.
  4817 | D:4      | Reached XP level 8. HP: 23/75 MP: 8/8
  5075 | D:4      | Noticed Natasha
  5080 | D:4      | Killed Natasha
  5218 | D:5      | Entered Level 5 of the Dungeon
  5221 | D:5      | Reached skill level 9 in Axes
  5514 | D:4      | Found Wouroym's Armour Shop.
  5651 | D:4      | Noticed Natasha
  5655 | D:4      | Killed Natasha
  5664 | D:4      | Found a staircase to the Ecumenical Temple.
  5742 | D:4      | Found Ciuqex's Distillery.
  6185 | D:5      | Noticed Pikel
  6209 | D:5      | Killed Pikel
  6209 | D:5      | Reached skill level 10 in Axes
  6499 | D:5      | Reached skill level 10 in Fighting
  6499 | D:5      | Reached XP level 9. HP: 83/85 MP: 9/9
  7295 | D:6      | Reached skill level 11 in Axes
  7716 | D:6      | Noticed kalagan's ghost (novice OpIE)
  7726 | D:6      | Killed kalagan's ghost
  7726 | D:6      | Reached skill level 5 in Armour
  7772 | D:6      | Reached skill level 5 in Shields
  8481 | D:6      | Found a runed door.
  8583 | D:6      | Noticed Crazy Yiuf
  8587 | D:6      | Killed Crazy Yiuf
  8709 | D:7      | Found an iron altar of Okawaru.
  8781 | D:7      | Noticed Menkaure
  8787 | D:7      | Killed Menkaure
  8787 | D:7      | Reached skill level 12 in Axes
  9058 | D:7      | Reached XP level 10. HP: 83/93 MP: 10/10
  9106 | D:7      | Found Lokin's Gadget Emporium.
  9968 | D:8      | Found a white marble altar of Elyvilon.
  9983 | D:8      | Noticed an unseen horror
  9990 | D:8      | Found a transporter.
 10195 | D:8      | Found a transporter.
 10422 | D:8      | Found a snail-covered altar of Cheibriados.
 10453 | D:8      | Found a glowing golden altar of the Shining One.
 10522 | D:8      | Reached skill level 13 in Axes
 10536 | D:8      | Reached ****** piety under Uskayaw
 11106 | D:8      | Killed an unseen horror
 11340 | D:9      | Found Capnub's Armour Shop.
 11348 | D:9      | Found Cuiladi's General Store.
 11416 | D:9      | Found Usoosat's Armour Boutique.
 11541 | D:9      | Found Yffebuj's Distillery.
 11558 | D:9      | Reached XP level 11. HP: 99/99 MP: 11/11
 11817 | D:9      | Reached skill level 14 in Axes
 11883 | D:9      | Found a staircase to the Orcish Mines.
 11922 | D:9      | Found Bouxtos's General Store.
 12221 | D:10     | Entered Level 10 of the Dungeon
 12403 | D:10     | Found a white marble altar of Elyvilon.
 12796 | D:10     | Found a staircase to the Lair.
 13219 | D:11     | Noticed a purple ugly thing
 13228 | D:11     | Noticed a two-headed ogre
 13229 | D:11     | Killed a purple ugly thing
 13233 | D:11     | Reached skill level 10 in Armour
 13236 | D:11     | Killed a two-headed ogre
 13241 | D:11     | Noticed a manticore
 13254 | D:11     | Killed a manticore
 13300 | D:11     | Found a shadowy altar of Dithmenos.
 13330 | D:11     | Noticed a cyan ugly thing
 13350 | D:11     | Killed a cyan ugly thing
 13350 | D:11     | Reached skill level 15 in Axes
 13446 | D:11     | Noticed Maurice
 13461 | D:11     | Killed Maurice
 13818 | D:11     | Noticed a two-headed ogre
 13825 | D:11     | Killed a two-headed ogre
 13928 | D:11     | Noticed a two-headed ogre
 13935 | D:11     | Killed a two-headed ogre
 13935 | D:11     | Reached XP level 12. HP: 89/106 MP: 12/12
 14086 | D:11     | Noticed a four-headed hydra
 14097 | D:11     | Killed a ten-headed hydra
 14176 | Lair:1   | Entered Level 1 of the Lair of Beasts
 14194 | Lair:1   | Reached skill level 10 in Shields
 14204 | Lair:1   | Reached skill level 16 in Axes
 15195 | Lair:1   | Identified a scroll of acquirement
 15581 | Lair:2   | Noticed Harold
 15596 | Lair:2   | Killed Harold
 15608 | Lair:2   | Reached skill level 17 in Axes
 16597 | Lair:3   | You fall through a shaft!
 16597 | Lair:4   | Found a staircase to the Shoals.
 16608 | Lair:4   | Reached XP level 13. HP: 113/113 MP: 13/13
 16754 | Lair:4   | You fall through a shaft for 2 floors!
 16754 | Lair:6   | Entered Level 6 of the Lair of Beasts
 16786 | Lair:6   | Noticed MirrMurr's ghost (journeyman DsGl)
 16835 | Lair:6   | Killed MirrMurr's ghost
 16860 | Lair:6   | HP: 5/113 [poisoned by MirrMurr's ghost]
 16865 | Lair:6   | HP: 5/113 [poisoned by MirrMurr's ghost]
 16873 | Lair:6   | HP: 5/113 [poisoned by MirrMurr's ghost]
 17301 | Lair:6   | Reached skill level 18 in Axes
 17308 | Lair:6   | Reached skill level 1 in Invocations
 17666 | Lair:5   | Noticed Rupert
 17689 | Lair:5   | Killed Rupert
 17689 | Lair:5   | Reached skill level 5 in Invocations
 17804 | Lair:5   | Reached XP level 14. HP: 118/121 MP: 18/18
 17860 | Lair:5   | Reached skill level 15 in Shields
 17901 | Lair:5   | Found a staircase to the Slime Pits.
 17903 | Lair:5   | Found a viscous altar of Jiyva.
 18607 | Lair:4   | HP: 6/121 [20-headed hydra (11)]
 18619 | Lair:3   | Found a staircase to the Snake Pit.
 18629 | Lair:3   | HP: 5/121 [porcupine's spines (10)]
 18629 | Lair:3   | HP: 1/121 [bullfrog (4)]
 18914 | Lair:3   | HP: 4/121 [15-headed hydra (4)]
 18915 | Lair:3   | Mangled by a 15-headed hydra

Skill      XL: |  1  2  3  4  5  6  7  8  9 10 11 12 13 14 |
---------------+-------------------------------------------+-----
Axes           | 3 4 5 6 7 8 10 12 13 15 17 18 | 18.0
Fighting       | 4 5 6 7 8 10 | 10.1
Armour         | 6 9 10 | 10.1
Shields        | 5 6 9 12 14 15 | 15.0
Invocations    | 6 7 |  7.2

Action                   |  1- 3 |  4- 6 |  7- 9 | 10-12 | 13-15 || total
-------------------------+-------+-------+-------+-------+-------++-------
Melee: War axe           |   117 |   184 |   441 |   644 |   431 ||  1817
       Battleaxe         |       |       |    32 |   129 |       ||   161
 Abil: Evoke Berserk Rag |       |       |       |     2 |     2 ||     4
  Use: Potion            |       |     1 |     8 |     1 |       ||    10
       Scroll            |       |       |     7 |    12 |     4 ||    23
 Stab: Paralysed         |       |       |    14 |    63 |    33 ||   110
       Distracted        |       |       |     1 |       |       ||     1
  Eat: Chunk             |     1 |     5 |    21 |    26 |    10 ||    63
       Royal jelly       |       |       |       |     2 |       ||     2
       Fruit             |       |       |       |     1 |       ||     1
Armor: Scale mail        |     8 |       |       |       |       ||     8
       Plate armour      |    95 |   153 |   276 |   497 |   265 ||  1286
Dodge: Dodged            |    24 |    25 |    50 |   197 |    82 ||   378
Block: Shield            |    73 |   102 |   181 |   376 |   305 ||  1037
